[Event "ESP-ch U1700 2024"]
[Site "Albacete"]
[Date "2024.08.31"]
[Round "7.9"]
[White "Carrilero Otalora, Vanesa"]
[Black "El Ammari Rovira, Sara"]
[Result "0-1"]
[ECO "A96"]
[WhiteElo "1692"]
[BlackElo "1652"]
[Annotator "NA RC COMBH"]
[PlyCount "116"]
[EventDate "2024.08.27"]
[EventType "swiss"]
[EventCountry "ESP"]
[SourceTitle "playchess.com"]
[Source "ChessBase"]
[SourceQuality "1"]
[TimeControl "5400+30"]

1. d4 f5 2. g3 Nf6 3. Bg2 e6 4. Nf3 d6 5. c4 Be7 6. O-O O-O 7. Nc3 Nbd7 8. Ng5 Nb6 9. Qb3 d5 10. c5 Nc4 11. Qd1 Na5 12. Nf3 Nc6 13. Bf4 a6 14. a3 Ne4 15. Qc1 Nxc3 16. Qxc3 g5 17. Bd2 g4 18. Ne5 Nxe5 19. dxe5 Bg5 20. Qc1 Bxd2 21. Qxd2 Rf7 22. f3 gxf3 23. Rxf3 Bd7 24. Rd1 Qe7 25. Qc1 Bb5 26. Bf1 Rg7 27. Rd4 Bc6 28. Bg2 Rf8 29. Qd2 Rg6 30. Qc3 Qg7 31. Qe3 h5 32. Rff4 Rg5 33. Rh4 Qh6 34. Kh1 Rf7 35. Bf3 Rh7 36. Qf2 Qg7 37. Qg2 Qxe5 38. Qf2 Be8 39. Rd3 Qxb2 40. Qe3 Qf6 41. Bxd5 Bc6 42. Bxc6 bxc6 43. Rb4 Rhg7 44. Rb8+ Kh7 45. Ra8 h4 46. Kg2 hxg3 47. hxg3 f4 48. Qe4+ Qf5 49. Qxf5+ exf5 50. Rxa6 fxg3 51. Rxc6 f4 52. Rf3 Rg4 53. a4 Rh4 54. Rf6 Rh2+ 55. Kg1 g2 56. Kxh2 g1=Q+ 57. Kh3 Qg2+ 58. Kh4 Qg4# 0-1

[Event "ESP-ch U1700 2024"]
[Site "Albacete"]
[Date "2024.08.31"]
[Round "8.1"]
[White "El Ammari Rovira, Yassin Jesus"]
[Black "Garcia-Munoz Arias, Diego"]
[Result "1-0"]
[ECO "D02"]
[WhiteElo "1582"]
[BlackElo "1696"]
[Annotator "NA RC COMBH"]
[PlyCount "103"]
[EventDate "2024.08.27"]
[EventType "swiss"]
[EventCountry "ESP"]
[SourceTitle "playchess.com"]
[Source "ChessBase"]
[SourceQuality "1"]
[TimeControl "5400+30"]

1. d4 d5 2. Nf3 e6 3. e3 Bd6 4. Bd3 Nd7 5. O-O f5 6. c4 c6 7. Nc3 Nh6 8. cxd5 exd5 9. Ne2 O-O 10. Qc2 Nf6 11. Ng3 Ne4 12. a3 Nf7 13. Bd2 g5 14. Bb4 g4 15. Bxd6 Nfxd6 16. Ne5 Qh4 17. Bxe4 fxe4 18. f4 Rf6 19. Kf2 Nf5 20. Rh1 Be6 21. Qe2 Kh8 22. Qxg4 Qxg4 23. Nxg4 Nxg3 24. Nxf6 Nxh1+ 25. Rxh1 Rc8 26. b4 a5 27. Rb1 Kg7 28. Nh5+ Kg6 29. Ng3 Ra8 30. Rb2 axb4 31. axb4 h5 32. h3 Ra3 33. b5 Bd7 34. bxc6 Bxc6 35. Ne2 Kf5 36. Nc1 Ra4 37. Na2 Rc4 38. Nb4 Rc3 39. Rc2 Rxc2+ 40. Nxc2 h4 41. Nb4 Bd7 42. Nxd5 Be6 43. Nb6 Bb3 44. g3 hxg3+ 45. Kxg3 Bd1 46. d5 Bh5 47. d6 Ke6 48. d7 Ke7 49. f5 Bf7 50. Kf4 Kd8 51. Kxe4 Kc7 52. Ke5 1-0

[Event "ESP-ch U1700 2024"]
[Site "Albacete"]
[Date "2024.08.31"]
[Round "8.2"]
[White "Saiz Alonso de Armino, Daniel"]
[Black "Jimenez Fernandez, Alejandro"]
[Result "1/2-1/2"]
[ECO "D02"]
[WhiteElo "1689"]
[BlackElo "1956"]
[Annotator "TA"]
[PlyCount "91"]
[EventDate "2024.08.27"]
[EventType "swiss"]
[EventCountry "ESP"]
[SourceTitle "playchess.com"]
[Source "ChessBase"]
[SourceQuality "1"]
[TimeControl "5400+30"]

1. d4 d5 2. Nf3 Nf6 3. Bf4 e6 4. e3 c5 5. c3 Nc6 6. Nbd2 cxd4 7. exd4 Bd6 8. Bg3 O-O 9. Bd3 Re8 10. Ne5 Bxe5 {[%emt 0:03:48] White is slightly better.} 11. dxe5 Nd7 12. Nf3 f6 13. Qc2 h6 (13... f5 $1 $11 {remains equal.}) 14. Bg6 (14. exf6 $16 Nxf6 15. Bg6) 14... Rf8 (14... fxe5 $14 15. Bxe8 Qxe8) 15. exf6 $16 Nxf6 16. Bh4 {[%emt 0:07:46] A strong pair of Bishops.} (16. O-O-O $16) 16... Ne7 (16... e5 $11 17. Bg3 e4) 17. Ne5 Nxg6 18. Qxg6 (18. Nxg6 $16 Re8 19. Ne5) 18... Qe8 {[%emt 0:02:51] Black is weak on the dark squares} 19. Qxe8 Rxe8 20. f3 b6 21. a4 Nd7 22. Bg3 Nxe5 23. Bxe5 Kf7 24. O-O-O Ba6 25. Rd4 g5 26. h4 Kg6 27. hxg5 hxg5 28. g4 {[%emt 0:04:02] White is more active.} ({White should play} 28. Rg4 $16 {And now f4 would win.} Rf8 29. Rg3) 28... Rf8 $11 29. f4 gxf4 30. Rxf4 Rxf4 31. Bxf4 {[%emt 0:00:11][%mdl 4096] Endgame. KRB-KRB} Rf8 32. Rh6+ Kg7 33. Be3 Rf1+ 34. Kd2 Rf2+ 35. Bxf2 Kxh6 {[%emt 0:00:06] KB-KB} 36. Ke3 Kg5 37. Bg3 Bc4 38. b4 Kxg4 39. Be5 Bb3 40. a5 bxa5 41. bxa5 a6 42. Kd4 Kf3 43. Bc7 {[%emt 0:00:10] The position is equal.} Ke2 44. Be5 Kd2 45. Bf4+ Kc2 46. Be5 {[%emt 0:00:09] Weighted Error Value: White=0.18 (very precise) /Black=0.15 (very precise) .  Mistake:       	White=4     	Black=3      Inaccurate:     	White=2     	Black=3      OK:         	White=11    	Black=15     Best:        	White=1     	Black=2} 1/2-1/2

[Event "ESP-ch U1700 2024"]
[Site "Albacete"]
[Date "2024.08.31"]
[Round "8.3"]
[White "Caballero Sanchez, Francisco"]
[Black "Muniz Otero, Lucas"]
[Result "0-1"]
[ECO "B83"]
[WhiteElo "1682"]
[BlackElo "1605"]
[Annotator "NA RC COMBH"]
[PlyCount "67"]
[EventDate "2024.08.27"]
[EventType "swiss"]
[EventCountry "ESP"]
[SourceTitle "playchess.com"]
[Source "ChessBase"]
[SourceQuality "1"]
[TimeControl "5400+30"]

1. e4 c5 2. Nf3 e6 3. d4 cxd4 4. Nxd4 Nf6 5. Nc3 d6 6. Be2 Be7 7. Be3 O-O 8. f3 a6 9. g4 b5 10. g5 Ne8 11. h4 Bb7 12. Rg1 Nd7 13. h5 Nc5 14. b4 Nd7 15. g6 Bh4+ 16. Kf1 hxg6 17. hxg6 Qe7 18. Qd2 Ne5 19. gxf7+ Qxf7 20. Bg5 Bxg5 21. Qxg5 Rc8 22. Qe3 Nf6 23. Ke1 Rfe8 24. Rh1 Qc7 25. Kd2 Nc4+ 26. Bxc4 Qxc4 27. Rag1 Rc7 28. a3 Rec8 29. Nde2 d5 30. Qh6 Ne8 31. Qxe6+ Rf7 32. Rh8+ Kxh8 33. Qxf7 Ba8 34. Rh1# 0-1

[Event "ESP-ch U1700 2024"]
[Site "Albacete"]
[Date "2024.08.31"]
[Round "8.4"]
[White "Perez Fernandez, Alvaro"]
[Black "Airos Martorell, Ignacio"]
[Result "1-0"]
[ECO "A45"]
[WhiteElo "1638"]
[BlackElo "1650"]
[Annotator "NA RC COMBH"]
[PlyCount "104"]
[EventDate "2024.08.27"]
[EventType "swiss"]
[EventCountry "ESP"]
[SourceTitle "playchess.com"]
[Source "ChessBase"]
[SourceQuality "1"]
[TimeControl "5400+30"]

1. d4 Nf6 2. Bf4 e6 3. e3 b6 4. Bd3 Bb7 5. Nf3 d5 6. O-O Bd6 7. Ne5 Bxe5 8. Bxe5 Nbd7 9. Bf4 O-O 10. Qf3 Re8 11. Qg3 c6 12. Be5 Nxe5 13. dxe5 Nh5 14. Qh3 g6 15. g4 Ng7 16. f4 c5 17. c3 Qe7 18. Nd2 a5 19. e4 c4 20. Bc2 Qc5+ 21. Rf2 d4 22. Re1 d3 23. Bb1 b5 24. Qg3 h5 25. f5 exf5 26. exf5 gxf5 27. gxf5 Kh8 28. Qf4 Kh7 29. Ne4 Bxe4 30. Qxe4 Kh8 31. Kf1 Rg8 32. Qh4 Qc6 33. Re4 Qh6 34. Rff4 d2 35. Bc2 Rad8 36. Bd1 Qh7 37. Qg5 Ne6 38. Qf6+ Ng7 39. e6 fxe6 40. fxe6 Qxe4 41. Rxe4 Rgf8 42. Qxf8+ Rxf8+ 43. Ke2 Re8 44. Kxd2 Rxe6 45. Rxe6 Nxe6 46. Bxh5 Nf4 47. Bg4 Nd3 48. b3 cxb3 49. axb3 Nc5 50. Kc2 Kg7 51. b4 axb4 52. cxb4 Na6 1-0

[Event "ESP-ch U1700 2024"]
[Site "Albacete"]
[Date "2024.08.31"]
[Round "8.5"]
[White "El Ammari Rovira, Sara"]
[Black "Garcia Sahuquillo, Marcos Antonio"]
[Result "1/2-1/2"]
[ECO "C01"]
[WhiteElo "1652"]
[BlackElo "1690"]
[Annotator "NA RC COMBH"]
[PlyCount "127"]
[EventDate "2024.08.27"]
[EventType "swiss"]
[EventCountry "ESP"]
[SourceTitle "playchess.com"]
[Source "ChessBase"]
[SourceQuality "1"]
[TimeControl "5400+30"]

1. e4 e6 2. d4 d5 3. exd5 exd5 4. Nf3 Nf6 5. Bd3 Be7 6. h3 c5 7. dxc5 Bxc5 8. O-O O-O 9. Bg5 Qb6 10. Bxf6 Qxf6 11. Nc3 Be6 12. a3 Nc6 13. Rb1 Nd4 14. Nxd4 Bxd4 15. Na4 a6 16. Nc3 Bxc3 17. bxc3 Qxc3 18. Rb3 Qc7 19. Rb4 g6 20. Qd2 b5 21. Qh6 Qe5 22. Rh4 Qg7 23. Qg5 f5 24. Re1 Rae8 25. Rh6 Qf6 26. Qf4 Bd7 27. Rxe8 Rxe8 28. g4 Re1+ 29. Kg2 Bc6 30. gxf5 Kg7 31. Rh4 g5 32. Qg3 d4+ 33. f3 Bxf3+ 34. Kf2 Re3 35. Qc7+ Re7 36. Qg3 h6 37. Rf4 Bd5 38. h4 Kf8 39. Rg4 Re3 40. Qb8+ Kg7 41. Qa7+ Bf7 42. hxg5 hxg5 43. Qxd4 Qxd4 44. Rxd4 Re7 45. Rd6 Ra7 46. f6+ Kh6 47. Rd8 g4 48. Kg3 Kg5 49. Rd6 Bg8 50. Be2 Rc7 51. Bd3 Bc4 52. Bxc4 Rxc4 53. f7 Rc3+ 54. Rd3 Rc8 55. Rd5+ Kf6 56. Kxg4 Kxf7 57. Rd6 Rc4+ 58. Kf5 Rc5+ 59. Ke4 a5 60. Kd3 Ke7 61. Ra6 a4 62. Ra5 Kd6 63. Ra6+ Kd5 64. Ra8 1/2-1/2

[Event "ESP-ch U1700 2024"]
[Site "Albacete"]
[Date "2024.08.31"]
[Round "8.6"]
[White "Lopez Milian, Adela"]
[Black "Kaji Senas, Tarek"]
[Result "1-0"]
[ECO "A53"]
[WhiteElo "1681"]
[BlackElo "1654"]
[Annotator "NA RC COMBH"]
[PlyCount "63"]
[EventDate "2024.08.27"]
[EventType "swiss"]
[EventCountry "ESP"]
[SourceTitle "playchess.com"]
[Source "ChessBase"]
[SourceQuality "1"]
[TimeControl "5400+30"]

1. d4 Nf6 2. c4 d6 3. Nc3 e5 4. e3 Nbd7 5. Nf3 g6 6. Be2 Bg7 7. O-O O-O 8. Qc2 Re8 9. d5 a5 10. e4 Nc5 11. Be3 Na6 12. a3 Ng4 13. Bd2 Nc5 14. b4 axb4 15. axb4 Rxa1 16. Rxa1 Nd7 17. h3 Ngf6 18. Nb5 Nf8 19. c5 Nxe4 20. Qxe4 Bf5 21. Qe3 e4 22. Nfd4 dxc5 23. bxc5 Qxd5 24. Rc1 Rd8 25. Nxf5 Qxd2 26. Qxd2 Rxd2 27. Nxg7 Rxe2 28. Ne8 c6 29. Nbd6 e3 30. fxe3 Rxe3 31. Rb1 Rc3 32. Rxb7 1-0

[Event "ESP-ch U1700 2024"]
[Site "Albacete"]
[Date "2024.08.31"]
[Round "8.7"]
[White "Molina Gomez, Juan Francisco"]
[Black "Cerdeno Gil, Izan"]
[Result "0-1"]
[ECO "A03"]
[WhiteElo "1677"]
[BlackElo "1637"]
[Annotator "NA RC COMBH"]
[PlyCount "166"]
[EventDate "2024.08.27"]
[EventType "swiss"]
[EventCountry "ESP"]
[SourceTitle "playchess.com"]
[Source "ChessBase"]
[SourceQuality "1"]
[TimeControl "5400+30"]

1. f4 d5 2. Nf3 Bf5 3. e3 e6 4. Be2 Be7 5. O-O c5 6. d4 Nd7 7. b3 Bf6 8. Ne5 Rc8 9. Bb5 Bxe5 10. dxe5 h5 11. Be2 a6 12. c4 Nb6 13. Nd2 Nh6 14. h3 h4 15. Bf3 Bd3 16. Re1 Nf5 17. Nf1 Bxf1 18. Rxf1 Rc7 19. cxd5 Nxd5 20. Re1 Rd7 21. Qc2 Nb4 22. Qc3 Qc7 23. Rd1 Rxd1+ 24. Bxd1 Ng3 25. Bf3 Nd5 26. Qe1 Nb4 27. Qd2 O-O 28. a3 Rd8 29. Qe1 Nc2 30. Qc3 Nxa1 31. Qxa1 Qa5 32. Kf2 Rd3 33. Qb1 Qc3 34. b4 cxb4 35. axb4 Qb3 36. Qxb3 Rxb3 37. Bxb7 a5 38. Kf3 Rxb4 39. Ba6 Rb1 40. Ba3 g6 41. Bc4 Ra1 42. Bb2 Ra4 43. Bd3 Rb4 44. Bc1 Rb8 45. Ba6 a4 46. Bd3 a3 47. Bxa3 Rb3 48. Be7 Rxd3 49. Bxh4 Rxe3+ 50. Kxe3 Nf5+ 51. Kf2 Nxh4 52. g4 g5 53. Kg3 Ng6 54. fxg5 Nxe5 55. h4 Kg7 56. h5 Nd3 57. Kf3 Nc5 58. Kf4 Nd7 59. Ke4 f6 60. gxf6+ Kxf6 61. Kf4 e5+ 62. Kg3 Kg5 63. Kf3 Nf6 64. h6 Kxh6 65. g5+ Kxg5 66. Ke3 Kf5 67. Kf3 e4+ 68. Ke3 Nd5+ 69. Ke2 Kf4 70. Kf2 e3+ 71. Ke2 Ke4 72. Kd1 Kf3 73. Kc2 e2 74. Kd2 Kf2 75. Kd3 e1=Q 76. Kd4 Nf6 77. Kd3 Qe4+ 78. Kd2 Qd4+ 79. Kc2 Ke2 80. Kb3 Qc5 81. Kb2 Kd3 82. Kb3 Qb5+ 83. Ka2 Kc2 0-1

[Event "ESP-ch U1700 2024"]
[Site "Albacete"]
[Date "2024.08.31"]
[Round "8.8"]
[White "Trujillo Torres, Alvaro"]
[Black "Solanilla Olcese, Ada"]
[Result "0-1"]
[ECO "B13"]
[WhiteElo "1595"]
[BlackElo "1668"]
[Annotator "NA RC COMBH"]
[PlyCount "82"]
[EventDate "2024.08.27"]
[EventType "swiss"]
[EventCountry "ESP"]
[SourceTitle "playchess.com"]
[Source "ChessBase"]
[SourceQuality "1"]
[TimeControl "5400+30"]

1. e4 c6 2. d4 d5 3. exd5 cxd5 4. Bd3 Nf6 5. c3 e6 6. Bf4 Bd6 7. Bxd6 Qxd6 8. Nd2 Nc6 9. Ngf3 Bd7 10. O-O O-O 11. Re1 a6 12. Ne5 b5 13. Qe2 Bc8 14. Ndf3 Na5 15. b3 h6 16. Qc2 Bb7 17. a4 b4 18. Rac1 bxc3 19. Qxc3 Qb6 20. b4 Nc4 21. Nxc4 dxc4 22. Bxc4 Bxf3 23. gxf3 Rfc8 24. Qb2 Qb7 25. Re3 Nd5 26. Bxd5 Qxd5 27. Rec3 Rxc3 28. Rxc3 Rd8 29. Rd3 Rc8 30. Rc3 Rd8 31. Rd3 e5 32. Qc3 exd4 33. Qc5 Qa2 34. Kg2 Rd5 35. Qc6 Rg5+ 36. Kf1 Qb1+ 37. Ke2 Re5+ 38. Kd2 Qxb4+ 39. Kd1 Re1+ 40. Kc2 Qb1+ 41. Kd2 Qd1# 0-1

[Event "ESP-ch U1700 2024"]
[Site "Albacete"]
[Date "2024.08.31"]
[Round "8.9"]
[White "Varela Cano, Hugo"]
[Black "Pico Blanquer, Esteve"]
[Result "1-0"]
[ECO "B12"]
[WhiteElo "1691"]
[BlackElo "1646"]
[Annotator "NA RC COMBH"]
[PlyCount "72"]
[EventDate "2024.08.27"]
[EventType "swiss"]
[EventCountry "ESP"]
[SourceTitle "playchess.com"]
[Source "ChessBase"]
[SourceQuality "1"]
[TimeControl "5400+30"]

1. e4 c6 2. d4 d5 3. e5 c5 4. dxc5 e6 5. a3 Bxc5 6. b4 Be7 7. Nf3 a5 8. b5 Nd7 9. Be2 f6 10. Bb2 Nh6 11. c4 Nb6 12. cxd5 Nxd5 13. O-O O-O 14. Nbd2 f5 15. Rc1 Nf7 16. Nb3 g5 17. Bc4 g4 18. Nfd2 h5 19. Nb1 a4 20. Nd4 Nxe5 21. Nxe6 Bxe6 22. Bxe5 Rc8 23. Qxa4 Bf6 24. Bxd5 Bxd5 25. Rxc8 Qxc8 26. Qd4 Bxe5 27. Qxd5+ Kh7 28. Qxe5 h4 29. Nc3 Re8 30. Qf6 h3 31. Rd1 Qc7 32. Qxf5+ Kh6 33. Ne4 Qe7 34. Qf4+ Kg6 35. Rd6+ Kg7 36. Nc5 Qe6 1-0

[Event "ESP-ch U1700 2024"]
[Site "Albacete"]
[Date "2024.09.01"]
[Round "9.1"]
[White "Saiz Alonso de Armino, Daniel"]
[Black "El Ammari Rovira, Yassin Jesus"]
[Result "0-1"]
[ECO "D02"]
[WhiteElo "1689"]
[BlackElo "1582"]
[Annotator "NA RC COMBH"]
[PlyCount "108"]
[EventDate "2024.08.27"]
[EventType "swiss"]
[EventCountry "ESP"]
[SourceTitle "playchess.com"]
[Source "ChessBase"]
[SourceQuality "1"]
[TimeControl "5400+30"]

1. d4 d5 2. Nf3 Nf6 3. Bf4 e6 4. e3 Bd6 5. Bg3 b6 6. c3 O-O 7. Nbd2 c5 8. Bd3 Ba6 9. Bxa6 Nxa6 10. O-O Bxg3 11. hxg3 cxd4 12. exd4 Nb8 13. Ne5 Nbd7 14. Ndf3 Qc7 15. Re1 Ne4 16. Rc1 Nd6 17. Qa4 Nxe5 18. Nxe5 Rfc8 19. Re2 Nc4 20. Nxc4 Qxc4 21. Qxc4 Rxc4 22. Rec2 Rac8 23. b3 R4c7 24. c4 dxc4 25. Rxc4 Rxc4 26. bxc4 Kf8 27. Kf1 Ke7 28. Ke2 Kd6 29. Kd3 b5 30. c5+ Kd5 31. Rh1 h6 32. Rh5+ Kc6 33. g4 Rd8 34. f4 Rd5 35. g5 hxg5 36. Rxg5 Rxg5 37. fxg5 a5 38. a3 Kd5 39. g4 e5 40. dxe5 Kxe5 41. a4 Kd5 42. axb5 Kxc5 43. b6 Kxb6 44. Kc4 Kc6 45. Kb3 Kd5 46. Ka4 Ke4 47. Kxa5 Kf4 48. g6 fxg6 49. Kb4 Kxg4 50. Kc4 Kf3 51. Kd3 g5 52. Kd2 g4 53. Ke1 Kg2 54. Ke2 Kh2 0-1

[Event "ESP-ch U1700 2024"]
[Site "Albacete"]
[Date "2024.09.01"]
[Round "9.2"]
[White "Jimenez Fernandez, Alejandro"]
[Black "Caballero Sanchez, Francisco"]
[Result "1/2-1/2"]
[ECO "D05"]
[WhiteElo "1956"]
[BlackElo "1682"]
[Annotator "TA"]
[PlyCount "121"]
[EventDate "2024.08.27"]
[EventType "swiss"]
[EventCountry "ESP"]
[SourceTitle "playchess.com"]
[Source "ChessBase"]
[SourceQuality "1"]
[TimeControl "5400+30"]

1. Nf3 d5 2. d4 Nf6 3. e3 e6 4. c4 b6 5. Nc3 Bd6 6. Bd3 Nbd7 7. O-O Bb7 8. cxd5 exd5 9. Re1 Ne4 ({Black should try} 9... O-O $11) 10. Qc2 $14 {[%emt 0:07:59][%cal Oc3d5] Strongly threatening Nxd5! White is slightly better.} f5 11. Nb5 O-O 12. Nxd6 Nxd6 13. Ne5 ({Better is} 13. b4 $16) 13... g6 14. Nxd7 Qxd7 15. Bd2 Ne4 16. f3 (16. Rac1 $1 $14) 16... Nxd2 $11 17. Qxd2 Rfe8 18. Rac1 a5 19. Qc2 Re7 20. Re2 Ba6 ({Black should play} 20... Rc8 $11) 21. Bxa6 $14 Rxa6 22. Qc6 Qxc6 23. Rxc6 {[%emt 0:00:02][%mdl 4096] Endgame. KRR-KRR} Kf7 (23... Ra8 $14) 24. Rec2 $16 {[%emt 0:00:13] White is more active.} Ra7 25. Kf2 Ke8 {[%emt 0:01:07] [#]} 26. h3 (26. h4 $1 $16) 26... Kd7 $14 27. g4 fxg4 $1 28. fxg4 Re6 {[%emt 0:00:18] The position is equal.} 29. Rxe6 Kxe6 $11 {[%emt 0:00:02] KR-KR} 30. Kf3 Kd6 31. e4 dxe4+ 32. Kxe4 Ra8 33. Rf2 Re8+ 34. Kd3 Re7 35. Rf6+ Kd5 36. Rf4 Rd7 37. Rf2 Re7 38. Rf8 Rd7 39. h4 c5 40. dxc5 Kxc5+ 41. Kc3 Rc7 42. b3 b5 43. Ra8 Kb6+ 44. Kd3 Rc1 45. Rh8 Rg1 46. Rxh7 Rxg4 47. Rh6 Kc5 48. h5 gxh5 49. Rxh5+ Kb4 50. Kc2 a4 51. bxa4 bxa4 52. Rh3 a3 53. Rb3+ Ka4 54. Rd3 Rg2+ 55. Rd2 Rg4 56. Kc3 Rb4 57. Rd8 Rb5 58. Ra8+ Ra5 59. Rb8 Rb5 60. Rxb5 Kxb5 61. Kb3 {Weighted Error Value: White=0.07 (flawless) /Black=0.08 (flawless) .  Mistake:       	White=3     	Black=3      Inaccurate:     	White=3     	Black=2      OK:         	White=29    	Black=16     Best:        	White=4     	Black=1      Strong:       	---       	Black=1} 1/2-1/2

[Event "ESP-ch U1700 2024"]
[Site "Albacete"]
[Date "2024.09.01"]
[Round "9.3"]
[White "Garcia-Munoz Arias, Diego"]
[Black "Airos Martorell, Ignacio"]
[Result "1-0"]
[ECO "C02"]
[WhiteElo "1696"]
[BlackElo "1650"]
[Annotator "NA RC COMBH"]
[PlyCount "71"]
[EventDate "2024.08.27"]
[EventType "swiss"]
[EventCountry "ESP"]
[SourceTitle "playchess.com"]
[Source "ChessBase"]
[SourceQuality "1"]
[TimeControl "5400+30"]

1. e4 e6 2. d4 d5 3. e5 c5 4. c3 Nc6 5. Nf3 Qb6 6. Be2 cxd4 7. cxd4 Nge7 8. b3 Nf5 9. Bb2 Bb4+ 10. Kf1 Bd7 11. g4 Nh6 12. a3 Be7 13. Rg1 f6 14. exf6 gxf6 15. b4 O-O-O 16. Nbd2 Rhg8 17. h3 Nf7 18. Nb3 h5 19. Qd2 hxg4 20. hxg4 Ng5 21. b5 Ne4 22. Qe1 e5 23. bxc6 Bxg4 24. cxb7+ Kb8 25. Rxg4 Rxg4 26. Na5 Rh8 27. Ng1 Qxb2 28. Bxg4 Rg8 29. Bc8 Nd2+ 30. Qxd2 Qb5+ 31. Qe2 Qxa5 32. dxe5 fxe5 33. Qxe5+ Qc7 34. Qxc7+ Kxc7 35. Rc1+ Kb8 36. Be6 1-0

[Event "ESP-ch U1700 2024"]
[Site "Albacete"]
[Date "2024.09.01"]
[Round "9.4"]
[White "Cerdeno Gil, Izan"]
[Black "Lopez Milian, Adela"]
[Result "1-0"]
[ECO "E09"]
[WhiteElo "1637"]
[BlackElo "1681"]
[Annotator "NA RC COMBH"]
[PlyCount "147"]
[EventDate "2024.08.27"]
[EventType "swiss"]
[EventCountry "ESP"]
[SourceTitle "playchess.com"]
[Source "ChessBase"]
[SourceQuality "1"]
[TimeControl "5400+30"]

1. d4 d5 2. c4 c6 3. Nf3 Nf6 4. Qc2 e6 5. g3 Be7 6. Bg2 O-O 7. O-O Nbd7 8. Nbd2 b6 9. e4 dxe4 10. Nxe4 Bb7 11. Bf4 Nxe4 12. Qxe4 Nf6 13. Qe2 Qc8 14. Rfd1 c5 15. d5 Re8 16. Bh3 Bf8 17. Re1 Nxd5 18. cxd5 Bxd5 19. Bg2 Qb7 20. Nh4 Qc6 21. Nf3 f6 22. Rac1 Qb7 23. b3 Rac8 24. Bd2 g5 25. Bc3 Bg7 26. Red1 a6 27. Ne1 b5 28. Bxd5 exd5 29. Qf3 Rcd8 30. Ba5 g4 31. Qxg4 Rc8 32. Qf3 Re4 33. Nd3 c4 34. Nf4 d4 35. Kg2 d3 36. Rxd3 f5 37. Re3 Bd4 38. Rxe4 fxe4 39. Qg4+ Kh8 40. Bc3 Bxc3 41. Rxc3 Rg8 42. Qf5 e3+ 43. Qd5 Qxd5+ 44. Nxd5 e2 45. Re3 Rd8 46. bxc4 bxc4 47. Nc3 Rd3 48. Nxe2 Rd2 49. Kf3 Rxa2 50. Nc3 Rc2 51. Nd5 Rd2 52. Nb6 Rc2 53. Ra3 c3 54. Nd5 Rd2 55. Nxc3 Rd3+ 56. Ke2 Rd6 57. f4 Rc6 58. Kf3 Kg7 59. Nd5 Rc5 60. Ne3 a5 61. Ke4 Kf6 62. Ra4 Rh5 63. Nd5+ Ke6 64. Rxa5 Rxh2 65. Ra6+ Kf7 66. g4 Re2+ 67. Kf5 Rc2 68. Ra7+ Kg8 69. Rc7 Ra2 70. Nf6+ Kf8 71. Nxh7+ Kg8 72. Kg6 Ra6+ 73. Nf6+ Kf8 74. Rf7# 1-0

[Event "ESP-ch U1700 2024"]
[Site "Albacete"]
[Date "2024.09.01"]
[Round "9.5"]
[White "Solanilla Olcese, Ada"]
[Black "Perez Fernandez, Alvaro"]
[Result "1/2-1/2"]
[ECO "B27"]
[WhiteElo "1668"]
[BlackElo "1638"]
[Annotator "NA RC COMBH"]
[PlyCount "93"]
[EventDate "2024.08.27"]
[EventType "swiss"]
[EventCountry "ESP"]
[SourceTitle "playchess.com"]
[Source "ChessBase"]
[SourceQuality "1"]
[TimeControl "5400+30"]

1. e4 c5 2. Nf3 g6 3. d4 cxd4 4. Qxd4 Nf6 5. Nc3 Nc6 6. Qa4 d6 7. e5 Ng4 8. exd6 Qxd6 9. Bf4 Qe6+ 10. Be2 a6 11. Rd1 Bd7 12. Nd5 Rc8 13. Nc7+ Rxc7 14. Bxc7 Bg7 15. Qb3 Qxb3 16. cxb3 Bxb2 17. O-O Bg7 18. Bc4 Nf6 19. Ne5 Nxe5 20. Bxe5 Bc6 21. Rfe1 O-O 22. Bc7 e6 23. Rd8 Nd5 24. Rxf8+ Bxf8 25. Bxd5 Bxd5 26. Bb6 Ba3 27. Re2 Kg7 28. Rc2 Bc6 29. Bc5 Bxc5 30. Rxc5 Kf6 31. Kf1 Ke7 32. g3 h5 33. Ke2 Kd6 34. b4 b6 35. Rc3 e5 36. Ke3 Bb5 37. Rc8 Bc6 38. Rb8 Kc7 39. Rf8 Bd5 40. Re8 Bxa2 41. Rxe5 Be6 42. Kd4 Kd6 43. Re1 Kc6 44. Re5 Kd6 45. Re1 Kc6 46. Ke5 Kb5 47. Kd4 1/2-1/2

[Event "ESP-ch U1700 2024"]
[Site "Albacete"]
[Date "2024.09.01"]
[Round "9.6"]
[White "Varela Cano, Hugo"]
[Black "Quiros Florea, Rafael-Santiago"]
[Result "1-0"]
[ECO "B92"]
[WhiteElo "1691"]
[BlackElo "1666"]
[Annotator "NA RC COMBH"]
[PlyCount "57"]
[EventDate "2024.08.27"]
[EventType "swiss"]
[EventCountry "ESP"]
[SourceTitle "playchess.com"]
[Source "ChessBase"]
[SourceQuality "1"]
[TimeControl "5400+30"]

1. e4 c5 2. Nf3 d6 3. d4 cxd4 4. Nxd4 Nf6 5. Nc3 a6 6. Be2 e5 7. Nb3 Be6 8. Bg5 Be7 9. Bxf6 Bxf6 10. Nd5 Nd7 11. O-O O-O 12. c4 Bg5 13. Qc2 Rc8 14. Nc1 b5 15. b3 Bxd5 16. exd5 Nb6 17. Rd1 bxc4 18. bxc4 Nxc4 19. Bxc4 Qc7 20. Qf5 f6 21. Bxa6 Ra8 22. Bb5 Rfc8 23. Bc6 Rab8 24. Nb3 Qa7 25. Nd2 Rc7 26. Ne4 Rb2 27. Nxd6 Bf4 28. Qe6+ Rf7 29. Qxf7+ 1-0

[Event "ESP-ch U1700 2024"]
[Site "Albacete"]
[Date "2024.09.01"]
[Round "9.7"]
[White "Muniz Otero, Lucas"]
[Black "El Ammari Rovira, Sara"]
[Result "1-0"]
[ECO "C44"]
[WhiteElo "1605"]
[BlackElo "1652"]
[Annotator "NA RC COMBH"]
[PlyCount "85"]
[EventDate "2024.08.27"]
[EventType "swiss"]
[EventCountry "ESP"]
[SourceTitle "playchess.com"]
[Source "ChessBase"]
[SourceQuality "1"]
[TimeControl "5400+30"]

1. e4 e5 2. Nf3 Nc6 3. d4 exd4 4. Bc4 Qe7 5. O-O d6 6. Nxd4 Bd7 7. c3 Nf6 8. Re1 g6 9. Bf4 Ne5 10. Bb5 Bxb5 11. Nxb5 a6 12. Nd4 Bg7 13. Qe2 O-O 14. Nd2 Nh5 15. Be3 c5 16. N4f3 Nxf3+ 17. Qxf3 Qc7 18. Rad1 b5 19. Qe2 Rfe8 20. Qd3 c4 21. Qc2 Nf6 22. Bf4 Nh5 23. Be3 Qc6 24. Bd4 Nf4 25. Nf3 Be5 26. Re3 Nd3 27. Ne1 Bxd4 28. cxd4 Nxe1 29. Rdxe1 d5 30. e5 Re7 31. Kf1 Rae8 32. Qd2 Qe6 33. Qa5 Rb7 34. Ra3 Ra8 35. Qb4 Qb6 36. Qd2 b4 37. Rh3 Rf8 38. Qh6 f6 39. exf6 Rxf6 40. Re8+ Rf8 41. Re1 Qxd4 42. Re7 Qf6 43. Qxh7# 1-0

[Event "ESP-ch U1700 2024"]
[Site "Albacete"]
[Date "2024.09.01"]
[Round "9.8"]
[White "Grande Gonzalez, Julen"]
[Black "Trujillo Torres, Alvaro"]
[Result "1-0"]
[ECO "D35"]
[WhiteElo "1692"]
[BlackElo "1595"]
[Annotator "NA RC COMBH"]
[PlyCount "67"]
[EventDate "2024.08.27"]
[EventType "swiss"]
[EventCountry "ESP"]
[SourceTitle "playchess.com"]
[Source "ChessBase"]
[SourceQuality "1"]
[TimeControl "5400+30"]

1. d4 d5 2. c4 e6 3. Nc3 Nf6 4. cxd5 exd5 5. Bg5 c6 6. e3 h6 7. Bh4 Be7 8. Bd3 O-O 9. Nf3 Ne4 10. Bg3 Bb4 11. Qb3 Qa5 12. Rc1 Nxg3 13. hxg3 Bxc3+ 14. bxc3 Nd7 15. Qc2 Nf6 16. O-O Re8 17. c4 Ne4 18. cxd5 cxd5 19. Ne5 Nd6 20. Qb3 Be6 21. f4 f6 22. Nf3 b6 23. Nh4 Ne4 24. Qc2 Rac8 25. Qd1 Rxc1 26. Qxc1 Nxg3 27. Qc6 Bf7 28. Rf3 Qe1+ 29. Kh2 Ne4 30. Nf5 Bg6 31. Bxe4 dxe4 32. Rg3 Bxf5 33. Qxe8+ Kh7 34. Qf7 1-0